 Dungeon Crawl Stone Soup version 0.25.0-9-g26727b657a (webtiles) character file.

Game seed: 10177153985042122012

28 Revguard the Vexing (level 2, -3/11 HPs)
             Began as a Felid Enchanter on June 21, 2020.
             Slain by a goblin
             ... wielding a cursed -1 club
              (5 damage)
             ... on level 1 of the Dungeon.
             The game lasted 00:03:25 (1223 turns).

Revguard the Vexing (Felid Enchanter)               Turns: 1223, Time: 00:03:26

Health: -3/11      AC:  1    Str:  4    XL:     2   Next: 96%
Magic:  6/6        EV: 18    Int: 16    God:
Gold:   0          SH:  0    Dex: 16    Spells: 2/5 levels left
                                        Lives:  0   Deaths: 0

rFire    . . .     SeeInvis +     - Unarmed
rCold    . . .     Gourm    .   (shield unavailable)
rNeg     . . .     Faith    .   (armour unavailable)
rPois    .         Spirit   .   (helmet unavailable)
rElec    .         Reflect  .   (cloak unavailable)
rCorr    .         Harm     .   (gloves unavailable)
MR       .....                  (boots unavailable)
Stlth    +++.......             (no amulet)
HPRegen  0.03/turn              (no ring)
MPRegen  0.10/turn              (no ring)

@: quick
A: very small, no armour, no weapons or thrown items, stealth, claws 1, fangs 3,
see invisible, carnivore, speed 1, shaggy fur 1, slow metabolism 1, sharp paws
a: no special abilities


You were on level 1 of the Dungeon.
You were completely stuffed.

You visited 1 branch of the dungeon, and saw 1 of its levels.

Inventory:

Potions
 a - 2 potions of curing
 d - a potion of mutation {unknown}
Comestibles
 b - 5 rations


   Skills:
 + Level 3.0 Dodging
 * Level 4.6 Stealth
 + Level 1.3 Unarmed Combat
 + Level 2.2 Spellcasting
 + Level 4.9 Hexes


You had 2 spell levels left.
You knew the following spells:

 Your Spells              Type           Power        Failure   Level  Hunger
a - Corona                Hex            ###....      2%          1    #......
b - Ensorcelled Hibernat  Hex/Ice        #.....       11%         2    ###....

Your spell library contained the following spells:

 Spells                   Type           Power        Failure   Level  Hunger
 Confusing Touch          Hex            ###.....     9%          3    ###....
 Tukima's Dance           Hex            ###.....     9%          3    ###....
 Dazzling Flash           Conj/Hex       #.....       22%         3    ###....


Dungeon Overview and Level Annotations

Branches:
Dungeon (1/15)

Altars:


Innate Abilities, Weirdness & Mutations

You cannot wear armour.
You are incapable of wielding weapons or throwing items.
Your paws allow you to move quietly. (Stealth)
You have sharp claws.
You have razor-sharp teeth.
You have supernaturally acute eyesight. (SInv)
You are carnivorous and can eat meat at any time.
You cover ground quickly.
You are covered in fur. (AC +1)
You have a slow metabolism.
Your sharp claws are effective at attacking unaware monsters.


Message History

You open the door.
There is an open door here.
All of the chunks of flesh in your inventory have rotted away.
There is an open door here.
There is an open door here.
You open the door.
There is an open door here.
You open the door.
There is an open door here.
A goblin comes into view. It is wielding a -1 club.
Found 10 gold pieces and an emerald potion.
The goblin shouts!
The goblin hits you with a cursed -1 club.
You barely miss the goblin.
The goblin hits you with a cursed -1 club.
Ouch! That really hurt!
* * * LOW HITPOINT WARNING * * *
You miss the goblin. You bite the goblin, but do no damage.
The goblin hits you with a cursed -1 club.
You die...

#.###.###
##.....## ####.#
#.# #.# ##...##
#.# ##.###.#
##'## ..#
.......# #.# .##
##.##### #.# .
#.# ##.## #.#
###...##### #.#
###.........#
#..
........@###.#
###
####..$.g.......
##..$!###.###
#..... ######


You could see a goblin.

Vanquished Creatures
  An ooze (D:1)
  A dart slug (D:1)
  A leopard gecko (D:1)
  A giant cockroach (D:1)
  2 goblins (D:1)
  2 hobgoblins (D:1)
  2 jackals (D:1)
  2 bats (D:1)
  3 frilled lizards (D:1)
  3 kobolds (D:1)
  2 rats (D:1)
20 creatures vanquished.

Notes
Turn   | Place    | Note
-------+----------+-------------------------------------------
     0 | D:1      | Revguard the Felid Enchanter began the quest for the Orb.
     0 | D:1      | Reached XP level 1. HP: 7/7 MP: 4/4
   275 | D:1      | Reached XP level 2. HP: 11/11 MP: 6/6
   458 | D:1      | Learned a level 2 spell: Ensorcelled Hibernation
  1223 | D:1      | Slain by a goblin

Illustrated notes

Levels and vault maps discovered:
D:1:      minmay_arrival_four_loops, layout_loops_corners

Skill      XL: |  1  2 |
---------------+-------+-----
Dodging        | 3 |  3.0
Stealth        | |  4.6
Unarmed Combat | |  1.3
Spellcasting   | |  2.2
Hexes          | |  4.9

Action                   || total
-------------------------++-------
Melee: Unarmed           ||    66
       Bite              ||     6
 Cast: Corona            ||     5
       Ensorcelled Hiber ||     3
  Use: Scroll            ||     1
 Stab: Sleeping          ||     6
       Distracted        ||     1
  Eat: Chunk             ||     8
Armor: Skin              ||     4
Dodge: Dodged            ||    49
